 Dungeon Crawl Stone Soup version 0.26.1-11-gd32895ea62 (webtiles) character file.

Game seed: 13686796527529607120

10733 Almogavar the Carver (level 11, -3/156 HPs)
             Began as a Minotaur Berserker on July 7, 2021.
             Was a High Priest of Trog.
             Slain by an orc warrior
             ... wielding a +0 glaive
              (13 damage)
             ... on level 2 of the Orcish Mines.
             The game lasted 00:34:24 (12991 turns).

Almogavar the Carver (Minotaur Berserker)          Turns: 12991, Time: 00:34:25

Health: -3/156     AC: 18    Str: 24    XL:     11   Next: 40%
Magic:  10/10      EV: 12    Int:  4    God:    Trog [*****.]
Gold:   674        SH:  0    Dex: 11    Spells: 10/10 levels left

rFire    + . .     SeeInvis .   a - +1 falchion (freeze)
rCold    . . .     Faith    .   (no shield)
rNeg     . . .     Spirit   .   p - +2 chain mail {Will+}
rPois    +         Reflect  .   (helmet restricted)
rElec    .         Harm     .   t - +2 cloak {rCorr}
rCorr    +         Rampage  .   O - +1 pair of gloves
Will     +++..                  R - +0 pair of boots
Stlth    ..........             (no amulet)
HPRegen  1.36/turn              Q - ring of protection from fire
MPRegen  0.12/turn              N - ring of poison resistance

@: berserking, regenerating, very quick
A: retaliatory headbutt, horns 2
a: Renounce Religion, Berserk, Trog's Hand, Brothers in Arms


You were on level 2 of the Orcish Mines.
You worshipped Trog.
Trog was extremely pleased with you.
You visited 2 branches of the dungeon, and saw 12 of its levels.

You collected 1074 gold pieces.
You spent 400 gold pieces at shops.

Inventory:

Hand Weapons
 a - a +1 falchion of freezing (weapon)
 y - a +0 hunting sling
 S - a +4 great mace of flaming
Missiles
 d - 169 sling bullets
 f - 397 stones
 h - 142 bolts
Armour
 e - the +3 leather armour of the Iron Devil {rC+ Str+4 SInv}
   (You took it off an orc on level 4 of the Dungeon)

   It affects your strength (+4).
   It protects you from cold.
   It lets you see invisible.
 m - a +4 plate armour
 p - a +2 chain mail of willpower (worn)
 r - a +0 kite shield
 t - a +2 cloak of preservation (worn)
 O - a +1 pair of gloves (worn)
 R - a +0 pair of boots (worn)
 T - a +0 chain mail of fire resistance
Jewellery
 H - an uncursed ring of positive energy
 N - a ring of poison resistance (right hand)
 Q - a ring of protection from fire (left hand)
Wands
 q - a wand of polymorph (9)
 s - a wand of iceblast (19)
 v - a wand of flame (10)
 C - a wand of random effects (15)
 E - a wand of enslavement (2)
 I - a wand of disintegration (10)
Scrolls
 b - 2 scrolls of magic mapping
 c - 3 scrolls of enchant weapon
 i - 2 scrolls of blinking
 l - 2 scrolls of fear
 o - a scroll of fog
 x - 7 scrolls of remove curse
 D - 6 scrolls of teleportation
 J - 2 scrolls of enchant armour {unknown}
 L - 2 scrolls of holy word {unknown}
 M - a scroll of vulnerability {unknown}
 P - 2 scrolls of immolation {unknown}
Potions
 g - a potion of flight
 j - 4 potions of haste
 k - a potion of invisibility
 u - 2 potions of cancellation
 w - 3 potions of curing
 z - a potion of lignification
 A - 3 potions of might {unknown}
 B - 5 potions of heal wounds {unknown}
 F - a potion of attraction {unknown}
 G - 2 potions of degeneration {unknown}
Miscellaneous
 n - a box of beasts
 K - a condenser vane (inert)


   Skills:
 + Level 11.7 Fighting
 - Level 14.1 Long Blades
 + Level 5.8 Armour
 + Level 9.5 Dodging
 - Level 1.4 Stealth
 + Level 0.2 Evocations


You had 10 spell levels left.
You didn't know any spells.
Your spell library was empty.

Dungeon Overview and Level Annotations

Branches:
Dungeon (10/15)            Temple (0/1) D:6            Lair (0/6) D:10
    Orc (2/2) D:10
    Elf: Orc:2

Altars:
Cheibriados
Gozag
Nemelex Xobeh
Ru
Xom
Yredelemnul
Beogh

Shops:
D:10 =}[*

Portals:
Abyss: D:3

Annotations:
D:10 2 transporters, kalagan's ghost, journeyman DECj


Innate Abilities, Weirdness & Mutations

You reflexively headbutt those who attack you in melee.
You have a pair of horns on your head.


Message History

The orc knight roars a battlecry!
The orc warrior goes into a battle-frenzy!
You closely miss the orc knight. You headbutt the orc knight!
The orc knight is heavily wounded.
You slash the orc knight! You freeze the orc knight.
The orc knight is severely wounded.
The orc warrior unwields a +0 arbalest.
The orc warrior wields a +0 glaive.
The orc warrior hits you with a +0 glaive.
* * * LOW HITPOINT WARNING * * *
The orc knight hits you with a +0 great mace!!
* * * LOW HITPOINT WARNING * * *
You closely miss the orc knight.
The orc knight is severely wounded.
You slash the orc knight! You freeze the orc knight.
The orc knight is almost dead.
You slash the orc knight! You freeze the orc knight.
You kill the orc knight!
Trog accepts your kill.
The orc warrior hits you with a +0 glaive!
You die...

...((.(o......#......##
...(..((.....###.#....#
.......#((...#........
....(..(.(..........$##
...#.#....(...........#
......#..).(#..#..#..#
...........))#####...#
............)..o##...##
......#.......o<@[).((#
#.##...#........((((.##
.# #..............(###
#.#......##......#
#........<.##.......#
##.#....#.###........#
####....## ##.#.....#
#.#.## #.####.## ...##
... ##


You could see 2 orc warriors.

Vanquished Creatures
  A two-headed ogre (D:10)
  An orc knight (Orc:2)
  An orc sorcerer (Orc:2)
  A moth of wrath (Orc:1)
  A gargoyle (D:10)
  The ghost of tamionv the Spear-Bearer, a novice MfGl of Gozag (D:5)
  A troll (Orc:1)
  Grinder (D:5)
  Sigmund (D:2)
  A wyvern (D:9)
  A small abomination (D:3)
  10 yaks (D:10)
  Menkaure (D:5)
  The ghost of execc the Chopper, an amateur HaWn of Ru (D:3)
  A water moccasin (D:9)
  A sky beast (D:8)
  3 ice beasts
  2 ogres
  17 orc warriors
  A necrophage (D:4)
  15 centaurs
  3 big kobolds
  4 bullfrogs
  A wyvern zombie (D:8)
  A wyvern skeleton (D:5)
  3 scorpions
  10 wights
  6 howler monkeys
  A bullfrog zombie (D:9)
  A centaur zombie (D:6)
  A bullfrog skeleton (D:5)
  2 jellies
  8 orc priests
  3 hounds
  Crazy Yiuf (D:2)
  An iron imp (D:9)
  Jessica (D:3)
  Terence (D:3)
  4 iguanas
  3 worker ants
  7 orc wizards
  A killer bee zombie (D:9)
  3 hound zombies
  A worker ant zombie (D:6)
  2 howler monkey skeletons
  14 gnolls
  12 adders
  3 white imps
  2 ufetubi
  An ooze (D:5)
  An adder zombie (D:7)
  A worm (D:3)
  5 adder skeletons
  A dart slug (D:2)
  3 leopard geckos
  62 orcs
  6 giant cockroaches
  10 hobgoblins
  8 jackals
  21 kobolds
  3 quokkas
  A ball python (D:3)
  8 bats
  A frilled lizard (D:3)
  2 quokka skeletons (D:4)
  A quokka zombie (D:5)
  8 rats
306 creatures vanquished.

Vanquished Creatures (others)
  An orc (Orc:2)
  2 plants (D:1)
3 creatures vanquished.

Grand Total: 309 creatures vanquished

Notes
Turn   | Place    | Note
-------+----------+-------------------------------------------
     0 | D:1      | Almogavar the Minotaur Berserker began the quest for the
                  | Orb.
     0 | D:1      | Reached XP level 1. HP: 19/19 MP: 0/0
   295 | D:1      | Reached XP level 2. HP: 22/27 MP: 1/1
   491 | D:1      | Reached skill level 4 in Long Blades
   756 | D:1      | Reached ** piety under Trog
   924 | D:1      | Reached XP level 3. HP: 32/33 MP: 2/2
  1351 | D:2      | Noticed Sigmund
  1366 | D:2      | Killed Sigmund
  1367 | D:2      | Reached skill level 5 in Long Blades
  1367 | D:2      | Reached XP level 4. HP: 38/41 MP: 3/3
  1367 | D:2      | Reached XP level 5. HP: 43/47 MP: 4/4
  2141 | D:2      | Found a runed translucent door.
  2142 | D:2      | Noticed Crazy Yiuf
  2251 | D:2      | Killed Crazy Yiuf
  2252 | D:2      | Reached skill level 5 in Fighting
  2252 | D:2      | Reached skill level 6 in Long Blades
  2498 | D:3      | Reached XP level 6. HP: 56/56 MP: 5/5
  2707 | D:3      | Noticed Terence
  2716 | D:3      | Killed Terence
  3020 | D:3      | Noticed Jessica
  3022 | D:3      | Killed Jessica
  3023 | D:3      | Reached skill level 1 in Stealth
  3062 | D:3      | Found a transporter.
  3063 | D:3      | Found a one-way gate to the infinite horrors of the Abyss.
  3063 | D:3      | Noticed execc's ghost (amateur HaWn)
  3064 | D:3      | Noticed a small abomination
  3174 | D:3      | Found a transporter.
  3602 | D:3      | Killed execc's ghost
  3606 | D:3      | Killed a small abomination
  3607 | D:3      | Reached skill level 7 in Long Blades
  3607 | D:3      | Reached XP level 7. HP: 62/62 MP: 6/6
  3799 | D:4      | Identified the +3 leather armour of the Iron Devil {rC+
                  | Str+4 SInv}
  3809 | D:4      | Reached *** piety under Trog
  4351 | D:4      | Found a snail-covered altar of Cheibriados.
  4352 | D:4      | Found a basalt altar of Yredelemnul.
  4448 | D:5      | Entered Level 5 of the Dungeon
  4448 | D:5      | Noticed Grinder
  4452 | D:5      | Reached skill level 8 in Long Blades
  4452 | D:5      | Reached XP level 8. HP: 71/71 MP: 7/7
  4453 | D:5      | Noticed Menkaure
  4467 | D:5      | Paralysed by Grinder for 6 turns
  4474 | D:5      | Killed Menkaure
  4475 | D:5      | Reached skill level 5 in Dodging
  4759 | D:5      | Paralysed by Grinder for 2 turns
  4764 | D:5      | Killed Grinder
  4765 | D:5      | Reached skill level 9 in Long Blades
  5448 | D:5      | Found a runed translucent gate.
  5448 | D:5      | Found a runed translucent gate.
  5448 | D:5      | Found a runed translucent gate.
  5449 | D:5      | Noticed tamionv's ghost (novice MfGl)
  5615 | D:5      | Killed tamionv's ghost
  5616 | D:5      | Reached skill level 10 in Long Blades
  5616 | D:5      | Reached XP level 9. HP: 81/81 MP: 8/8
  5817 | D:6      | Found a shimmering altar of Xom.
  5866 | D:6      | Reached **** piety under Trog
  5896 | D:6      | Found a staircase to the Ecumenical Temple.
  6459 | D:7      | Reached skill level 11 in Long Blades
  6725 | D:7      | Found a sparkling altar of Nemelex Xobeh.
  6726 | D:7      | Found a sacrificial altar of Ru.
  7255 | D:8      | Found an opulent altar of Gozag.
  7303 | D:8      | Found a snail-covered altar of Cheibriados.
  7719 | D:8      | Reached skill level 12 in Long Blades
  8105 | D:9      | Noticed a seven-headed hydra
  8355 | D:9      | Reached XP level 10. HP: 86/91 MP: 9/9
  8541 | D:9      | Reached ***** piety under Trog
  8849 | D:9      | Found a snail-covered altar of Cheibriados.
  9023 | D:10     | Entered Level 10 of the Dungeon
  9296 | D:10     | Found a staircase to the Orcish Mines.
  9309 | D:10     | Found Wetuecw's Armour Shop.
  9318 | D:10     | Received a gift from Trog
  9337 | D:10     | Found Reacvulo's Gadget Boutique.
  9341 | D:10     | Noticed a two-headed ogre
  9348 | D:10     | Killed a two-headed ogre
  9349 | D:10     | Reached skill level 10 in Fighting
  9349 | D:10     | Reached skill level 13 in Long Blades
  9377 | D:10     | Bought a condenser vane for 400 gold pieces
  9396 | D:10     | Found Diarghaut's Assorted Antiques.
  9525 | D:10     | Found a transporter.
  9526 | D:10     | Found a transporter.
  9526 | D:10     | Noticed kalagan's ghost (journeyman DECj)
  9544 | D:10     | Found Sionex's Jewellery Boutique.
  9659 | D:10     | Noticed a gargoyle
  9669 | D:10     | Killed a gargoyle
 10089 | D:10     | Identified the cursed +2 great mace "Pullasaj" {vamp, rF+
                  | Str+4 Dex-5}
 10089 | D:10     | Identified the cursed +1 dire flail "Hupogoss" {drain, +Fly
                  | rN++ Str+4}
 10089 | D:10     | Noticed a two-headed ogre
 10116 | D:10     | Found a staircase to the Lair.
 10305 | D:10     | Reached XP level 11. HP: 68/101 MP: 10/10
 10620 | Orc:1    | Entered Level 1 of the Orcish Mines
 10743 | Orc:1    | Found a roughly hewn altar of Beogh.
 10977 | Orc:1    | Reached skill level 14 in Long Blades
 11085 | Orc:2    | Entered Level 2 of the Orcish Mines
 11090 | Orc:2    | Noticed an orc warlord
 11090 | Orc:2    | Noticed an orc sorcerer
 11477 | Orc:2    | Noticed an orc sorcerer
 11498 | Orc:2    | Killed an orc sorcerer
 11554 | Orc:2    | Reached skill level 5 in Armour
 11558 | Orc:2    | Noticed an orc knight
 12128 | Orc:2    | Noticed an orc knight
 12642 | Orc:2    | an orc knight changed into a moth of wrath
 12991 | Orc:2    | Killed an orc knight
 12991 | Orc:2    | Slain by an orc warrior

Illustrated notes

Levels and vault maps discovered:
D:1:      dpeg_arrival_round_c, layout_loops_ring, serial_forest,
          infiniplex_forest_end_2, infiniplex_forest_zigzag_1,
          infiniplex_forest_end_3, infiniplex_forest_straight_3,
          infiniplex_forest_end_3, infiniplex_forest_straight_2,
          infiniplex_forest_lined_3
D:2:      layout_basic, uniq_sigmund, uniq_crazy_yiuf_cottage
D:3:      layout_basic, gammafunk_ghost_abyssal_escape, uniq_jessica,
          uniq_terence
D:4:      layout_rooms, gammafunk_temple_overflow_pools
D:5:      layout_cave_pools, gammafunk_ghost_necromancy, uniq_menkaure,
          uniq_grinder
D:6:      layout_rooms, minmay_temple_entry_fiery, basic_altar
D:7:      lemuel_ice_spiral_2, layout_basic, nicolae_overflow_hidden_temple
D:8:      layout_cave_pools, basic_altar, minmay_holes,
          nicolae_gozag_seed_capital
D:9:      layout_basic, chei_slow_surprise
D:10:     layout_basic, dpeg_oklobed_lair, serial_shops, shop,
          nicolae_shop_overgrown_old_shop, shop, shop, gammafunk_ghost_smash,
          special_room [special_room_orc]
Orc:1:    layout_caves, mines2_david
Orc:2:    st_orc_rangers, layout_caves, uniq_josephine

Skill      XL: |  1  2  3  4  5  6  7  8  9 10 11 |
---------------+----------------------------------+-----
Fighting       | 4 5 6 7 9 10 11 | 11.7
Long Blades    | 4 5 6 7 8 10 12 13 14 | 14.1
Dodging        | 3 4 6 7 8 9 |  9.5
Armour         | 3 4 5 |  5.8
Stealth        | 1 |  1.4
Evocations     | |  0.2

Action                   |  1- 3 |  4- 6 |  7- 9 | 10-12 || total
-------------------------+-------+-------+-------+-------++-------
Melee: Falchion          |    71 |    88 |   339 |   356 ||   854
       Headbutt          |    12 |    21 |    88 |   103 ||   224
Invok: Berserk           |     1 |     2 |     4 |     6 ||    13
       Trog's Hand       |     1 |     1 |     2 |     1 ||     5
Evoke: Condenser vane    |       |       |       |     1 ||     1
       Wand              |       |       |       |     4 ||     4
  Use: Scroll            |       |     3 |    13 |     4 ||    20
 Stab: Sleeping          |       |     1 |     3 |     1 ||     5
       Confused          |       |       |       |     3 ||     3
Armor: Animal skin       |     3 |       |       |       ||     3
       Leather armour    |    10 |    24 |    83 |    27 ||   144
       Chain mail        |       |       |       |    69 ||    69
Dodge: Dodged            |    49 |    63 |   212 |   200 ||   524
       Rpst.: Falchion   |    16 |    14 |    59 |    42 ||   131
